 Dungeon Crawl Stone Soup version 0.28.0-53-g5a82cb258f (webtiles) character file.

Game seed: 3406120510178275838

104 mcbry74 the Chopper (level 4, -7/39 HPs)
             Began as a Hill Orc Fighter on June 28, 2022.
             Mangled by Crazy Yiuf
             ... wielding a +4 quarterstaff of chaos
              (8 damage)
             ... on level 2 of the Dungeon.
             The game lasted 00:06:54 (1815 turns).

mcbry74 the Chopper (Hill Orc Fighter)              Turns: 1815, Time: 00:06:56

Health: -7/39      AC:  9    Str: 26    XL:     4   Next: 80%
Magic:  4/4        EV:  9    Int:  8    God:
Gold:   38         SH:  4    Dex: 10    Spells: 3/3 levels left

rFire   . . .      SeeInvis .   a - +0 war axe
rCold   . . .      Faith    .   c - +0 buckler
rNeg    . . .      Spirit   .   b - +0 scale mail
rPois   .          Reflect  .   i - +0 helmet
rElec   .          Harm     .   (no cloak)
rCorr   .          Rampage  .   k - +0 pair of gloves
Will    .....                   (no boots)
Stlth   ..........              (no amulet)
HPRegen 0.13/turn               l - +6 ring of strength
MPRegen 0.09/turn               (no ring)

@: no status effects
A: no striking features
a: no special abilities


You were on level 2 of the Dungeon.
You visited 1 branch of the dungeon, and saw 2 of its levels.

You collected 38 gold pieces.

Inventory:

Hand Weapons
 a - a +0 war axe (weapon)
Missiles
 n - 52 stones (quivered)
Armour
 b - a +0 scale mail (worn)
 c - a +0 buckler (worn)
 i - a +0 helmet (worn)
 k - a +0 pair of gloves (worn)
Jewellery
 l - a +6 ring of strength (left hand)
Scrolls
 e - a scroll of enchant weapon {unknown}
 f - a scroll of brand weapon {unknown}
 g - a scroll of blinking {unknown}
 h - 2 scrolls of fear {unknown}
 j - 2 scrolls of identify {unknown}
 m - a scroll of teleportation {unknown}
 p - a scroll of amnesia {unknown}
Potions
 d - a potion of might
 o - a potion of heal wounds {unknown}
 q - a potion of curing {unknown}


   Skills:
 - Level 3.6 Fighting
 * Level 4.9 Axes
 + Level 4.0 Armour
 + Level 4.0 Shields


You had 3 spell levels left.
You didn't know any spells.
Your spell library contained the following spells:

 Spells                   Type           Power      Damage    Failure   Level
 Apportation              Tloc           0%         N/A       77%         1
 Alistair's Intoxication  Tmut/Pois      0%         N/A       100%        5


Dungeon Overview and Level Annotations

Branches:
Dungeon (2/15)

Altars:
Elyvilon

Annotations:
D:2 Crazy Yiuf


Message History

Crazy Yiuf drinks a potion.
Crazy Yiuf seems to grow stronger.
Crazy Yiuf cries, "Goober illywillydillykilly leg!"
You slash Crazy Yiuf!
Crazy Yiuf is severely wounded.
Crazy Yiuf hits you with a +4 quarterstaff of chaos!
Crazy Yiuf freezes you.
You barely miss Crazy Yiuf.
Crazy Yiuf is severely wounded.
Crazy Yiuf hits you with a +4 quarterstaff of chaos!
* * * LOW HITPOINT WARNING * * *
You feel your power leaking away.
Crazy Yiuf yells, "Rifle down eyeball!"
Crazy Yiuf whimpers, "Announcement!"
Crazy Yiuf grits, "Scoff Orb Guardian leg!"
Crazy Yiuf grits, "Spliff!
Gum shrimp arm."
Crazy Yiuf whimpers, "Rifle testudinal verde!"
Crazy Yiuf says, "Cholesterol!"
Crazy Yiuf twirls on the spot.
Crazy Yiuf screams, "Dawk!
Key high disdain."
Crazy Yiuf grits, "Shadow bag blue!"
Crazy Yiuf yells, "Pitchfork!"
Crazy Yiuf no longer looks unusually strong.
Crazy Yiuf grits, "East verde turtle!"
Crazy Yiuf cries, "You leg down broken song, no?"
Crazy Yiuf closely misses you.
Crazy Yiuf yells, "Cards!
Whiteboard seventy high."
You closely miss Crazy Yiuf.
Crazy Yiuf is heavily wounded.
Crazy Yiuf hits you with a +4 quarterstaff of chaos.
* * * LOW HITPOINT WARNING * * *
You hit Crazy Yiuf.
Crazy Yiuf is heavily wounded.
Crazy Yiuf barely misses you.
You barely miss Crazy Yiuf.
Crazy Yiuf is heavily wounded.
Crazy Yiuf hits you with a +4 quarterstaff of chaos!
* * * LOW HITPOINT WARNING * * *
Crazy Yiuf laughs, "Pitchfork tea verde!"
Crazy Yiuf hits you with a +4 quarterstaff of chaos!
You die...

####.#.##...P♣♣..###.##..........
#......##..P.♣..## #.#..######...
♣.♣♣.####....)..# ##.#.## #...
♣.♣♣.#....#.....###..#.# #...
P.P♣.#.#####..#.##..#..#######...
♣.P♣.#.########.....#.#.....#....
♣.♣♣...#...## ###.#..............
#...........####....#............
....)..........g@..##....♣....[..
.............####..##...P.♣♣P....
.....#.......####..##...P♣♣......
#....##.....###.........P♣♣.P....
#.....#............###...♣.......
...P.........###.#.##....PP......
...PPP..)..<.# #...##..♣♣P.#.####
...♣♣♣.......###.###.P♣♣♣....##
...P♣PP.PP..##....##.P♣..PP...#


You could see Crazy Yiuf.

Vanquished Creatures
  4 adders (D:2)
  2 worms (D:2)
  2 dart slugs (D:2)
  An orc (D:2)
  3 bats
  5 endoplasms
  4 goblins
  7 hobgoblins
  8 jackals
  2 quokkas
  7 ball pythons
  4 frilled lizards
  3 kobolds
  3 rats (D:1)
  A bush (D:2)
56 creatures vanquished.

Vanquished Creatures (others)
  2 fungi (D:2)
  9 plants
11 creatures vanquished.

Grand Total: 67 creatures vanquished

Notes
Turn   | Place    | Note
-------+----------+-------------------------------------------
     0 | D:1      | mcbry74 the Hill Orc Fighter began the quest for the Orb.
     0 | D:1      | Reached XP level 1. HP: 19/19 MP: 1/1
   258 | D:1      | Reached XP level 2. HP: 26/26 MP: 2/2
   493 | D:1      | Reached XP level 3. HP: 31/31 MP: 3/3
   701 | D:1      | Found a faded altar of an unknown god.
  1125 | D:2      | Reached XP level 4. HP: 39/39 MP: 4/4
  1470 | D:2      | Found a white marble altar of Elyvilon.
  1750 | D:2      | Found a runed translucent door.
  1751 | D:2      | Noticed Crazy Yiuf
  1815 | D:2      | HP: 1/39 [Crazy Yiuf/+4 quarterstaff of chaos (10)]
  1815 | D:2      | Mangled by Crazy Yiuf

Illustrated notes

Levels and vault maps discovered:
D:1:      saegor_arrival_fortress, layout_basic,
          shapermc_ecumenical_altar_acropolis, st_stairs_14
D:2:      layout_rooms, serial_forest, infiniplex_forest_clump_double,
          infiniplex_forest_clump_curved, infiniplex_forest_clump_double,
          infiniplex_forest_straight_4, infiniplex_forest_end_2,
          infiniplex_forest_straight_3, basic_altar, st_stairs_6,
          minmay_tromino_i2, uniq_crazy_yiuf_cottage

Skill      XL: |  1  2  3  4 |
---------------+-------------+-----
Axes           | 3 4 |  4.9
Armour         | 4 |  4.0
Shields        | 4 |  4.0
Fighting       | |  3.6

Action                   |  1- 3 |  4- 6 || total
-------------------------+-------+-------++-------
Melee: War axe           |   155 |    52 ||   207
Throw: Stone             |       |     7 ||     7
 Stab: Distracted        |     1 |       ||     1
Armor: Scale mail        |    57 |    10 ||    67
Dodge: Dodged            |    48 |    16 ||    64
Block: Buckler           |    19 |     6 ||    25
